 Dungeon Crawl Stone Soup version 0.31-a0-152-g6aa68a64a1 (webtiles) character file.

Game seed: 502131044856391551

34 qw the Shooter (level 3, -5/32 HPs)
             Began as a Naga Hunter on June 10, 2023.
             Slain by a gnoll
             ... wielding a +0 spear
             ... led by a gnoll bouda
              (8 damage)
             ... on level 2 of the Dungeon.
             The game lasted 00:00:14 (728 turns).

qw the Shooter (Naga Hunter)                         Turns: 728, Time: 00:00:15

Health: -5/32      AC:  3    Str: 11 (13) XL:     3   Next: 31%
Magic:  3/3        EV:  9    Int:  8 (9)  God:
Gold:   105        SH:  0    Dex: 13 (16) Spells: 2/2 levels left

rFire   . . .        g - +3 sling (heavy)
rCold   . . .        (no shield)
rNeg    . . .        c - +0 leather armour
rPois   +            (no helmet)
rElec   .            e - +0 cloak
rCorr   .            (no gloves)
SInv    +            (no barding)
Will    .....        (no amulet)
Stlth   ++           (no ring)
HPRegen 0.25/turn    (no ring)
MPRegen 0.08/turn

%: no passive effects
@: short of breath, very slow
A: AC +1, large, see invisible, deformed body, poison resistance, slowness 2,
spit poison 1, naga tail 1
a: Spit Poison


You were on level 2 of the Dungeon.
You visited 1 branch of the dungeon, and saw 2 of its levels.

You collected 105 gold pieces.


Innate Abilities, Weirdness & Mutations

Your serpentine skin is tough. (AC +1)
You have supernaturally acute eyesight. (SInv)
Armour fits poorly on your strangely shaped body.
Your system is resistant to poisons. (rPois)
You cover ground very slowly.
You can spit poison.
You have a snake-like lower body.


   Skills:
 - Level 2.0 Fighting
 + Level 4.6 Ranged Weapons
 - Level 1.5 Dodging
 - Level 1.5 Stealth


You had 2 spell levels left.
You didn't know any spells.
Your spell library was empty.

Inventory:

Hand Weapons
 g - a +3 heavy sling (weapon)
Armour
 c - a +0 leather armour (worn)
 e - a +0 cloak (worn)

Dungeon Overview and Level Annotations

Branches:
Dungeon (2/15)

Altars:


Message History

721 ||| Stepping ~*~*~tactically~*~*~ (outnumbered).
The gnoll shouts!
The gnoll hits you with a +0 club.
The gnoll bouda barks out a call to the hunt!
The gnolls pick up the pace!
723 ||| INVOKING Spit Poison.
Aiming: Spit Poison (2% risk of failure)
Press: ? - help, Shift-Dir - straight line, f - gnoll The splash of poison hits the gnoll.
The gnoll is poisoned.
The gnoll is moderately wounded.
The gnoll barely misses you.
The gnoll bouda gazes fiercely through you!
You feel your attacks grow feeble.
You shoot a sling bullet.
The sling bullet barely misses the gnoll.
The gnoll hits you with a +0 club.
You shoot a sling bullet. The sling bullet hits the gnoll.
The gnoll is heavily wounded.
The gnoll looks more healthy.
The gnoll hits you with a +0 club.
The gnoll hits you from afar with a +0 spear.
The gnoll hits you with a +0 club. The gnoll closely misses you.
The gnoll hits you but does no damage. The gnoll hits you with a +0 club.
You shoot a sling bullet.
The sling bullet closely misses the gnoll.
The gnoll hits you from afar with a +0 spear.
The gnoll barely misses you. x2
You shoot a sling bullet. The sling bullet hits the gnoll.
The gnoll is almost dead.
You have got your breath back.
Your attacks no longer feel as feeble.
The gnoll hits you with a +0 club! The gnoll bouda barely misses you.
The gnoll hits you from afar with a +0 spear.
The gnoll hits you with a +0 club. The gnoll bouda barely misses you.
728 ||| INVOKING Spit Poison.
Aiming: Spit Poison (2% risk of failure)
Press: ? - help, Shift-Dir - straight line, f/p - gnoll The splash of poison hits the gnoll.
The gnoll is poisoned.
You kill the gnoll!
The gnoll hits you from afar with a +0 spear!
You die...

#
##.######
.........
.8...8..#
#....####
#.)@..<#
#.gg#####
.8...8.
...#.$.
#. ##.. .
... ..8.
....


You could see a gnoll bouda and a gnoll (swift).

Vanquished Creatures
  2 gnolls
  A dart slug (D:1)
  A ball python (D:1)
  2 endoplasms (D:1)
  A giant cockroach (D:1)
  A goblin (D:1)
  4 hobgoblins (D:1)
  5 bats (D:1)
  A kobold (D:1)
  5 rats (D:1)
23 creatures vanquished.

Notes
Turn   | Place    | Note
-------+----------+-------------------------------------------
     0 | D:1      | qw the Naga Hunter began the quest for the Orb.
     0 | D:1      | Reached XP level 1. HP: 19/19 MP: 1/1
     0 | D:1      | 0 ||| qw: Version: 0.2-a-122-gbc61b45
     0 | D:1      | 0 ||| qw: Game counter: 3562
     0 | D:1      | 0 ||| qw: Always use a shield: true
     0 | D:1      | 0 ||| qw: God list: Okawaru
     0 | D:1      | 0 ||| qw: Allow faded altars: false
     0 | D:1      | 0 ||| qw: Do Orc after D:15 true
     0 | D:1      | 0 ||| qw: Do second Lair branch before Depths: true
     0 | D:1      | 0 ||| qw: Lair rune preference: random
     0 | D:1      | 0 ||| qw: Plans: Normal
     0 | D:1      | 0 ||| PLANNING D:1-11
    30 | D:1      | 30 ||| INVOKING Spit Poison.
    45 | D:1      | 45 ||| INVOKING Spit Poison.
    81 | D:1      | 81 ||| INVOKING Spit Poison.
    84 | D:1      | Reached skill level 4 in Ranged Weapons
    84 | D:1      | Reached XP level 2. HP: 26/26 MP: 2/2
    85 | D:1      | Found a faded altar of an unknown god.
   120 | D:1      | 120 ||| INVOKING Spit Poison.
   140 | D:1      | 140 ||| INVOKING Spit Poison.
   202 | D:1      | 202 ||| INVOKING Spit Poison.
   203 | D:1      | 203 ||| INVOKING Spit Poison.
   210 | D:1      | 210 ||| SWAPPING to +3 heavy sling.
   211 | D:1      | 211 ||| DROPPING +0 shortbow.
   217 | D:1      | 217 ||| INVOKING Spit Poison.
   218 | D:1      | 218 ||| INVOKING Spit Poison.
   229 | D:1      | Reached XP level 3. HP: 32/32 MP: 3/3
   278 | D:1      | 278 ||| INVOKING Spit Poison.
   281 | D:1      | 281 ||| INVOKING Spit Poison.
   299 | D:1      | 299 ||| INVOKING Spit Poison.
   323 | D:1      | 323 ||| INVOKING Spit Poison.
   516 | D:1      | 516 ||| INVOKING Spit Poison.
   681 | D:1      | 681 ||| UPGRADING to +0 cloak.
   686 | D:1      | 686 ||| READING scroll labelled JUYKIATUAZI.
   687 | D:1      | 687 ||| READING scroll labelled FUSOS VAMM.
   688 | D:1      | 688 ||| DRINKING 2 blue potions.
   689 | D:1      | 689 ||| DROPPING potion of degeneration.
   690 | D:1      | 690 ||| DROPPING scroll of butterflies.
   721 | D:2      | 721 ||| Stepping ~*~*~tactically~*~*~ (outnumbered).
   723 | D:2      | 723 ||| INVOKING Spit Poison.
   727 | D:2      | HP: 5/32 [gnoll/+0 club[a gnoll bouda] (7)]
   728 | D:2      | 728 ||| INVOKING Spit Poison.
   728 | D:2      | Slain by a gnoll

Levels and vault maps discovered:
D:1:      dpeg_arrival_another_circle, layout_loops_ring,
          ebering_ecumenical_altar_rust, dk_noncrumbling_4
D:2:      minmay_recursive_quarters, layout_basic,
          minmay_misc_feat_four_crosses, minmay_pentomino_t2, uniq_jessica

Skill      XL: |  1 |
---------------+----+-----
Ranged Weapons | 4 |  4.6
Fighting       | |  2.0
Dodging        | |  1.5
Stealth        | |  1.5

Action                     || total
---------------------------++-------
   Fire: Shortbow          ||    17
         Sling             ||    16
Ability: Spit Poison       ||    14
    Use: Scroll            ||     2
         Potion            ||     1
 Armour: Leather armour    ||     4
  Dodge: Dodged            ||    10

Table legend:
 A = Non-vault XP
 B = Vault XP
 C = Vault XP percentage of total XP
 D = Non-vault monster count
 E = Vault monster count
 F = Vault count percentage of total count
                 A         B        C        D         E       F
            +---------+---------+-------+---------+---------+-------
      Total |      64 |       0 |   0.0 |      23 |       0 |   0.0
            +---------+---------+-------+---------+---------+-------
        D:1 |      49 |       0 |   0.0 |      22 |       0 |   0.0
        D:2 |      15 |       0 |   0.0 |       1 |       0 |   0.0
            +---------+---------+-------+---------+---------+-------
